 Dungeon Crawl Stone Soup version 0.26.1-11-gd32895ea62 (webtiles) character file.

Game seed: 3274978658690086908

108 phalm the Conjurer (level 4, 30/30 HPs)
             Began as a Demonspawn Conjurer on June 16, 2021.
             Was a Follower of Kikubaaqudgha.
             Quit the game on level 2 of the Dungeon.
             The game lasted 00:03:29 (1220 turns).

phalm the Conjurer (Demonspawn Conjurer)            Turns: 1220, Time: 00:03:30

Health: 30/30      AC:  2    Str:  8    XL:     4   Next: 58%
Magic:  18/18      EV: 12    Int: 20    God:    Kikubaaqudgha [*.....]
Gold:   41         SH:  4    Dex: 11    Spells: 7/10 levels left

rFire    . . .     SeeInvis .   e - +0 short sword (curse)
rCold    . . .     Faith    .   (no shield)
rNeg     . . .     Spirit   .   a - +0 robe
rPois    +         Reflect  .   (no helmet)
rElec    .         Harm     .   (no cloak)
rCorr    .         Rampage  .   (no gloves)
Will     .....                  (no boots)
Stlth    ++........             g - amulet of regeneration
HPRegen  0.50/turn              P - ring of poison resistance
MPRegen  0.16/turn              W - ring of magical power

@: no status effects
A: large bone plates 1, spiny 1
a: Renounce Religion, Receive Corpses


You were on level 2 of the Dungeon.
You worshipped Kikubaaqudgha.
Kikubaaqudgha was aware of your devotion.
You visited 1 branch of the dungeon, and saw 2 of its levels.

You collected 41 gold pieces.


Innate Abilities, Weirdness & Mutations

You are partially covered in large bone plates. (SH +4)
You are partially covered in sharp spines.


   Skills:
 - Level 1.7 Dodging
 - Level 1.7 Stealth
 * Level 3.9 Spellcasting
 + Level 4.7 Conjurations


You had 7 spell levels left.
You knew the following spells:

 Your Spells              Type           Power        Failure   Level
m - Magic Dart            Conj           88%          1%          1
s - Searing Ray           Conj           44%          2%          2

Your spell library contained the following spells:

 Spells                   Type           Power        Failure   Level
 Pain                     Necr           12%          13%         1
 Dazzling Flash           Conj/Hex       26%          14%         3
 Corpse Rot               Necr/Air       N/A          21%         2
 Sublimation of Blood     Necr           1%           21%         2
 Vampiric Draining        Necr           1%           36%         3
 Fulminant Prism          Conj/Hex       6%           43%         4
 Iskenderun's Mystic Bla  Conj/Tloc      13%          43%         4

Inventory:

Hand Weapons
 e - a cursed +0 short sword (weapon)
   (You found it on level 1 of the Dungeon)
 o - a +2 spear of flaming
   (You found it on level 2 of the Dungeon)
Missiles
 f - 5 javelins
Armour
 a - a +0 robe (worn)
Jewellery
 g - an amulet of regeneration (around neck)
   (You found it on level 1 of the Dungeon)
 P - a ring of poison resistance (left hand)
   (You found it on level 1 of the Dungeon)
 W - a ring of magical power (right hand)
   (You took it off a hobgoblin on level 1 of the Dungeon)
Wands
 q - a wand of flame (15)
   (You found it on level 2 of the Dungeon)
Scrolls
 b - 3 scrolls of identify {unknown}
 h - 2 scrolls of blinking {unknown}
 i - a scroll of teleportation {unknown}
 n - a scroll of enchant armour {unknown}
Potions
 c - 3 potions of curing {unknown}
 d - a potion of berserk rage {unknown}
 j - a potion of cancellation {unknown}
 k - a potion of flight {unknown}
 l - a potion of lignification {unknown}
 m - a potion of attraction {unknown}
 p - a potion of degeneration {unknown}

Dungeon Overview and Level Annotations

Branches:
Dungeon (2/15)

Altars:
Kikubaaqudgha

... ##.##.###
.....#.##....#
#...##.#....#
#....#)#..[.#
#...†.......#
#...........#
#.....).....#
#...........#
#........@..#
#...........#
#....)......#
....##.##.###
.... #. #.# ..
#. #.# #+#


There were no monsters in sight!


Message History

You can't see any susceptible monsters within range! (Use Z to cast anyway.)
You open the door.
There is an open door here.
You open the door.
A goblin comes into view. It is wielding a +0 dagger.
Found a scroll labelled VOUSOIGUEWK.
Found a stone staircase leading down. 😎 MP[+1]
Your mp is fully restored (16).
The magic dart hits the goblin!
You kill the goblin! 😎 MP[-1]
You lost 1 mp, and now have 15/16 mp.
You can't see any susceptible monsters within range! (Use Z to cast anyway.)
You can't see any susceptible monsters within range! (Use Z to cast anyway.)
You can't see any susceptible monsters within range! (Use Z to cast anyway.)
There is an open door here.
h - 2 scrolls labelled VOUSOIGUEWK (gained 1)
Things that are here:
a +0 dagger; a goblin corpse; 😎 MP[+1]
Your mp is fully restored (16).
Found a faded altar of an unknown god.
There is a faded altar of an unknown god here.
An orc comes into view. It is wielding a +0 mace.
There is a faded altar of an unknown god here.
You cannot tell which god this altar belongs to.
Convert to them anyway?
Kikubaaqudgha accepts your prayer! Kikubaaqudgha welcomes you!
You can now receive cadavers from Kikubaaqudgha.
You see here Kikubaaqudgha's Disquisition on Black Rites.
Kikubaaqudgha grants you a gift!
You pick up Kikubaaqudgha's Disquisition on Black Rites and begin reading...
You add the spells Pain, Corpse Rot, Sublimation of Blood and Vampiric Draining to your library.
An orc is nearby!
An orc is nearby!
The magic dart hits the orc.
An orc wizard comes into view. It is wielding a +0 dagger. 😎 MP[-1]
You lost 1 mp, and now have 15/16 mp.
The magic dart hits the orc wizard. 😎 MP[-1]
You lost 1 mp, and now have 14/16 mp.
The magic dart hits the orc wizard. 😎 MP[-1]
You lost 1 mp, and now have 13/16 mp.
The magic dart hits the orc wizard. 😎 MP[-1]
You lost 1 mp, and now have 12/16 mp.
The magic dart hits the orc wizard. 😎 MP[-1]
You lost 1 mp, and now have 11/16 mp.
The magic dart hits the orc wizard.
The magic dart hits the orc wizard.
You kill the orc wizard!
Kikubaaqudgha accepts your kill.
You have reached level 4!
You feel stronger. 😎 HP[+6] MP[-1]
You now have 30 max hp (+6).
Your hp is fully restored (30).
The magic dart hits the orc.
You kill the orc!
Kikubaaqudgha accepts your kill. 😎 MP[-1]
You lost 1 mp, and now have 9/18 mp.
You can't see any susceptible monsters within range! (Use Z to cast anyway.)
You can't see any susceptible monsters within range! (Use Z to cast anyway.)
You can't see any susceptible monsters within range! (Use Z to cast anyway.)
You can't see any susceptible monsters within range! (Use Z to cast anyway.)
Items here: )) [ †. 😎 MP[+9]
Your mp is fully restored (18).
A ball python and an orc priest come into view.
The magic dart hits the orc priest but does no damage.
The ball python hisses angrily. 😎 MP[-1]
You lost 1 mp, and now have 17/18 mp.
The magic dart hits the orc priest. 😎 MP[-1]
You lost 1 mp, and now have 16/18 mp.
The magic dart hits the orc priest. 😎 MP[-1]
You lost 1 mp, and now have 15/18 mp.
The magic dart hits the orc priest. 😎 MP[-1]
You lost 1 mp, and now have 14/18 mp.
The magic dart hits the ball python.
You kill the ball python!
Kikubaaqudgha accepts your kill. 😎 MP[-1]
You lost 1 mp, and now have 13/18 mp.
The magic dart hits the orc priest.
You kill the orc priest!
Kikubaaqudgha accepts your kill.
You can't see any susceptible monsters within range! (Use Z to cast anyway.)
You can't see any susceptible monsters within range! (Use Z to cast anyway.)
You can't see any susceptible monsters within range! (Use Z to cast anyway.)
You can't see any susceptible monsters within range! (Use Z to cast anyway.)
q - a wand of flame (15) 😎 MP[+5]
Your mp is fully restored (18).
Are you sure you want to abandon this character and quit the game? (Confirm with "yes".)

Skill      XL: |  1  2 |
---------------+-------+-----
Spellcasting   | 3 |  3.9
Dodging        | |  1.7
Stealth        | |  1.7
Conjurations   | |  4.7

Action                   |  1- 3 |  4- 6 || total
-------------------------+-------+-------++-------
Melee: Short sword       |    18 |       ||    18
Throw: Javelin           |    10 |       ||    10
 Cast: Magic Dart        |    64 |     7 ||    71
       Searing Ray       |     2 |       ||     2
Armor: Robe              |     1 |       ||     1
Dodge: Dodged            |     8 |       ||     8
Block: Other             |     4 |       ||     4

Levels and vault maps discovered:
D:1:      nzn_arrival_water_spiral, layout_rooms
D:2:      layout_basic, chequers_ecumenical_altar_twisty

Notes
Turn   | Place    | Note
-------+----------+-------------------------------------------
     0 | D:1      | phalm the Demonspawn Conjurer began the quest for the Orb.
     0 | D:1      | Reached XP level 1. HP: 13/13 MP: 3/3
     0 | D:1      | magus.rc [v1.9.10]
   194 | D:1      | Gained mutation: You are partially covered in large bone
                  | plates. (SH +4) [demonic ancestry]
   194 | D:1      | Reached XP level 2. HP: 19/19 MP: 1/5
   197 | D:1      | Learned a level 2 spell: Searing Ray
   731 | D:2      | Reached skill level 3 in Spellcasting
   731 | D:2      | Gained mutation: You are partially covered in sharp spines.
                  | [demonic ancestry]
   731 | D:2      | Reached XP level 3. HP: 24/24 MP: 7/7
  1099 | D:2      | Found a faded altar of an unknown god.
  1107 | D:2      | Became a worshipper of Kikubaaqudgha
  1107 | D:2      | Reached * piety under Kikubaaqudgha
  1107 | D:2      | Identified Kikubaaqudgha's Disquisition on Black Rites
                  | (Kikubaaqudgha gifted it to you on level 2 of the Dungeon)
  1107 | D:2      | Received a gift from Kikubaaqudgha
  1108 | D:2      | You add the spells Pain, Corpse Rot, Sublimation of Blood
                  | and Vampiric Draining to your library.
  1119 | D:2      | Reached XP level 4. HP: 30/30 MP: 9/9
  1220 | D:2      | Quit the game

Vanquished Creatures
  An orc wizard (D:2)
  An orc priest (D:2)
  An adder (D:2)
  2 leopard geckos (D:2)
  An orc (D:2)
  A ball python (D:2)
  A giant cockroach (D:2)
  3 goblins
  4 hobgoblins (D:1)
  A quokka (D:2)
  5 bats
  2 frilled lizards (D:1)
  5 kobolds
  13 rats
41 creatures vanquished.

Table legend:
 A = Non-vault XP
 B = Vault XP
 C = Vault XP percentage of total XP
 D = Non-vault monster count
 E = Vault monster count
 F = Vault count percentage of total count
                 A         B        C        D         E       F
            +---------+---------+-------+---------+---------+-------
      Total |     155 |       0 |   0.0 |      41 |       0 |   0.0
            +---------+---------+-------+---------+---------+-------
        D:1 |      33 |       0 |   0.0 |      24 |       0 |   0.0
        D:2 |     122 |       0 |   0.0 |      17 |       0 |   0.0
            +---------+---------+-------+---------+---------+-------

Illustrated notes

Table legend:
 A = Kills in this place as a percentage of kills in entire the game.
 B = Kills by you in this place as a percentage of kills by you in the entire game.
 C = Kills by friends in this place as a percentage of kills by friends in the entire game.
 D = Other kills in this place as a percentage of other kills in the entire game.
 E = Experience gained in this place as a percentage of experience gained in the entire game.
 F = Experience gained in this place divided by the number of levels of this place that you have seen.
                   A       B       C       D       E      F
               +-------+-------+-------+-------+-------+----------------------
         Total | 100.0 | 100.0 |   N/A |   N/A | 100.0 |  77.5
       Dungeon | 100.0 | 100.0 |   N/A |   N/A | 100.0 |  77.5
               +-------+-------+-------+-------+-------+----------------------

Table legend: (Time is in decaauts)
 A = Elapsed time spent in this place.
 B = Non-inter-level travel time spent in this place.
 C = Inter-level travel time spent in this place.
 D = Time resting spent in this place.
 E = Time spent auto-exploring this place.
 F = Levels seen in this place.
 G = Mean time per level.
                   A        B        C        D        E       F      G
               +--------+--------+--------+--------+--------+-----+--------+
         Total |   1229 |   1220 |      9 |      0 |    989 |   2 |  614.5 |
       Dungeon |   1229 |   1220 |      9 |      0 |    989 |   2 |  614.5 |
               +--------+--------+--------+--------+--------+-----+--------+

Top non-repeatable levels by time:
     D:1: 735 daAuts
     D:2: 493 daAuts
